 Dungeon Crawl Stone Soup version 0.23.2-33-g5129a83184 (webtiles) character file.

Game seed: 14749468510813328915

2121 kae the Destroyer (level 9, 0/52 HPs)
             Began as a Tengu Fire Elementalist on July 17, 2019.
             Killed by divine providence
             ... invoked by an orc priest
              (12 damage)
             ... on level 7 of the Dungeon.
             The game lasted 00:14:16 (8114 turns).

kae the Destroyer (Tengu Fire Elementalist)         Turns: 8114, Time: 00:14:17

Health: 0/52       AC:  8    Str:  8 (9)  XL:     9   Next: 29%
Magic:  0/17       EV: 12    Int: 19      God:
Gold:   417        SH:  0    Dex: 14      Spells: 1/17 levels left

rFire    . . .     SeeInvis +   (no weapon)
rCold    . . .     Gourm    .   (no shield)
rNeg     . . .     Faith    .   a - +1 robe
rPois    .         Spirit   .   u - +2 hat
rElec    .         Reflect  .   (no cloak)
rCorr    .         Harm     .   q - +0 pair of gloves
MR       +....                  (boots unavailable)
Stlth    ++........             (no amulet)
HPRegen  0.17/turn              h - ring of see invisible
MPRegen  0.15/turn              o - ring of protection from magic

@: no status effects
A: beak, talons 3, molten scales 1, deterioration 1, able to fly
a: Fly


You were on level 7 of the Dungeon.
You were hungry.

You visited 1 branch of the dungeon, and saw 7 of its levels.

You collected 417 gold pieces.

Inventory:

Armour
 a - a +1 robe (worn)
 q - a +0 pair of gloves (worn)
 u - a +2 hat (worn)
Jewellery
 h - a ring of see invisible (left hand)
 o - a ring of protection from magic (right hand)
Wands
 i - a wand of polymorph (11)
Scrolls
 e - 2 scrolls of immolation
 f - 2 scrolls of remove curse
 g - a scroll of teleportation
 j - 3 scrolls of enchant armour
 m - 2 scrolls of identify
 r - 2 scrolls of random uselessness
 s - a scroll of holy word {unknown}
 t - 2 scrolls of blinking
 w - a scroll of vulnerability {unknown}
Potions
 b - a potion of heal wounds
 d - 5 potions of curing
 k - a potion of might
 l - 2 potions of mutation
 n - 2 potions of agility
 p - a potion of lignification {unknown}
Comestibles
 c - 7 rations
 v - 4 chunks of flesh


   Skills:
 + Level 4.6 Fighting
 - Level 2.1 Dodging
 - Level 2.0 Stealth
 + Level 4.8 Spellcasting
 * Level 9.0 Conjurations
 * Level 8.4 Fire Magic


You had one spell level left.
You knew the following spells:

 Your Spells              Type           Power        Failure   Level  Hunger
a - Flame Tongue          Conj/Fire      #####        1%          1    None
b - Throw Flame           Conj/Fire      #####.       1%          2    #......
c - Conjure Flame         Conj/Fire      #####...     1%          3    ##.....
d - Sticky Flame          Conj/Fire      #####...     3%          4    ####...
e - Fireball              Conj/Fire      #####.....   10%         5    ######.
z - Apportation           Tloc           #.....       13%         1    None

Your spell library contained the following spells:

 Spells                   Type           Power        Failure   Level  Hunger
 Animate Skeleton         Necr           N/A          13%         1    None
 Confusing Touch          Hex            #.....       13%         1    None
 Summon Small Mammal      Summ           #...         13%         1    None
 Inner Flame              Hex/Fire       ###.....     7%          3    ##.....


Dungeon Overview and Level Annotations

Branches:
Dungeon (7/15)
 Temple: D:4-7

Altars:
Ashenzari
Yredelemnul


Innate Abilities, Weirdness & Mutations

You have a beak for a mouth.
You have claws for feet.
You can fly continuously.
You are partially covered in molten scales. (AC +2)
Your body sometimes deteriorates upon taking damage.


Message History

The orc priest hits you with a +0 hand axe.
* * * LOW HITPOINT WARNING * * *
You closely miss the orc priest.
The orc priest looks braver for a moment.
You barely miss the orc priest. The orc priest closely misses you.
You hit the orc priest but do no damage.
You claw the orc priest, but do no damage.
Your peck misses the orc priest. The orc priest closely misses you.
You hit the orc priest but do no damage.
You peck the orc priest, but do no damage.
The orc priest barely misses you.
Casting: Flame Tongue (safe; 1% risk of failure)
Confirm with . or Enter, or press ? or * to list all spells.
Aiming: Flame Tongue (safe; 1% risk of failure)
Press: ? - help, Shift-Dir - straight line, f - orc priest
Aim: an orc priest, wielding a +0 hand axe and wearing a +0 scale mail The flame tongue hits the orc priest but does no damage.
The orc priest invokes the aid of Beogh against you.
Beogh smites you!
You die...

+.................
#.................
#.............#.
.##.######.....#
...............+
...............#
...............<#
........)..#.#.........
#.........#@##.#....#.###
#.........#o##.#....#
...........)..>......
....#......)........#.
..................#<#
#...#............# #
##..#...........
##.............
##............


You could see an orc priest.

Vanquished Creatures
  Sigmund (D:5)
  2 orc warriors
  2 sky beasts (D:5)
  An ice beast (D:6)
  2 ogres
  A centaur (D:6)
  2 scorpions
  A howler monkey (D:4)
  A crimson imp (D:5)
  A hound (D:6)
  4 orc wizards
  3 orc priests
  2 bullfrog skeletons (D:5)
  A centaur skeleton (D:5)
  3 gnoll shamans (D:4)
  An iguana (D:5)
  2 worker ants
  A hound zombie (D:6)
  Robin (D:4)
  A howler monkey skeleton (D:7)
  33 gnolls
  7 adders
  2 oozes
  3 worms
  4 dart slugs
  4 leopard geckos
  18 orcs
  7 giant cockroaches
  16 goblins
  12 hobgoblins
  21 jackals
  7 kobolds
  3 quokkas
  A ball python (D:2)
  7 bats
  3 frilled lizards
  A giant cockroach zombie (D:6)
  A jackal zombie (D:6)
  11 rats
194 creatures vanquished.

Notes
Turn   | Place    | Note
-------+----------+-------------------------------------------
     0 | D:1      | kae the Tengu Fire Elementalist began the quest for the
                  | Orb.
     0 | D:1      | Reached XP level 1. HP: 10/10 MP: 4/4
    52 | D:1      | Reached skill level 2 in Conjurations
    52 | D:1      | Reached XP level 2. HP: 2/15 MP: 0/6
   607 | D:1      | Reached XP level 3. HP: 20/20 MP: 4/7
   630 | D:1      | HP: 1/20 [jackal (1)]
  1000 | D:2      | Learned a level 2 spell: Throw Flame
  1004 | D:2      | Learned a level 3 spell: Conjure Flame
  1008 | D:2      | Reached skill level 1 in Fighting
  1189 | D:2      | Reached XP level 4. HP: 21/25 MP: 5/8
  1195 | D:2      | Reached skill level 3 in Conjurations
  1373 | D:2      | Found a basalt altar of Yredelemnul.
  1866 | D:2      | Gained mutation: You can fly continuously. [Tengu growth]
  1866 | D:2      | Reached XP level 5. HP: 27/29 MP: 3/9
  2155 | D:2      | Learned a level 1 spell: Apportation
  2434 | D:3      | Found a shattered altar of Ashenzari.
  2438 | D:3      | Saw a vision of the Swamp and the Spider Nest.
  2438 | D:3      | Noticed a swamp drake
  2438 | D:3      | Noticed an alligator
  2438 | D:3      | Noticed an alligator
  2438 | D:3      | Noticed a wolf spider
  2438 | D:3      | Noticed a hornet
  2440 | D:3      | Noticed a swamp drake
  2719 | D:3      | You fall through a shaft for 3 floors!
  2795 | D:6      | Reached skill level 4 in Conjurations
  2800 | D:6      | Noticed an ice beast
  2804 | D:5      | Entered Level 5 of the Dungeon
  2875 | D:4      | Noticed Robin
  3013 | D:5      | Reached skill level 5 in Fire Magic
  3013 | D:5      | Reached XP level 6. HP: 35/35 MP: 7/11
  3339 | D:5      | Noticed Sigmund
  3405 | D:5      | Gained mutation: Your body sometimes deteriorates upon
                  | taking damage. [potion of mutation]
  3405 | D:5      | Gained mutation: You are partially covered in molten
                  | scales. (AC +2) [potion of mutation]
  3580 | D:5      | Noticed a sky beast
  3606 | D:5      | Killed a sky beast
  3606 | D:5      | Reached skill level 5 in Conjurations
  3606 | D:5      | Reached XP level 7. HP: 40/40 MP: 3/12
  3693 | D:5      | Learned a level 4 spell: Sticky Flame
  3916 | D:5      | Killed Sigmund
  3916 | D:5      | Reached skill level 6 in Conjurations
  4248 | D:4      | Killed Robin
  4266 | D:4      | Reached XP level 8. HP: 46/46 MP: 0/14
  5355 | D:4      | Reached skill level 7 in Conjurations
  6847 | D:4      | Reached skill level 8 in Conjurations
  7331 | D:6      | Reached XP level 9. HP: 52/52 MP: 11/16
  7382 | D:6      | Learned a level 5 spell: Fireball
  8099 | D:7      | Reached skill level 9 in Conjurations
  8114 | D:7      | Killed from afar by an orc priest

Skill      XL: |  1  2  3  4  5  6  7  8  9 |
---------------+----------------------------+-----
Conjurations   | 2 3 4 5 6 8 9 |  9.0
Fighting       | 1 2 3 4 |  4.6
Fire Magic     | 4 5 6 7 8 |  8.4
Spellcasting   | 3 4 |  4.8
Dodging        | |  2.1
Stealth        | |  2.0

Action                   |  1- 3 |  4- 6 |  7- 9 || total
-------------------------+-------+-------+-------++-------
Melee: Unarmed           |    39 |    44 |    31 ||   114
       Kick              |    11 |     8 |    11 ||    30
       Peck              |     5 |     8 |     7 ||    20
 Cast: Flame Tongue      |    36 |   100 |   239 ||   375
       Throw Flame       |     1 |     6 |    40 ||    47
       Conjure Flame     |       |     3 |     3 ||     6
       Sticky Flame      |       |       |     9 ||     9
  Use: Scroll            |     2 |     5 |     4 ||    11
       Potion            |       |     8 |       ||     8
 Stab: Sleeping          |       |       |     1 ||     1
  Eat: Chunk             |     1 |     9 |    13 ||    23
       Ration            |       |       |     1 ||     1
Armor: Robe              |     4 |    26 |    38 ||    68
Dodge: Dodged            |    33 |   111 |    76 ||   220
